AoeStats
← Runxi24

Arena

504261632Analyzed
3v3 RM · 28d ago on Sep 4, 2026· 52m 3s· 6 players
Game mode
Random Map
Map size
Normal (6 player)
Population
200
Speed
Normal
Resources
Standard
Victory
Conquest
Starting age
Dark Age
Ending age
Imperial Age
RankedLock teamsTeams togetherTeam positionsShared explorationLock speedFull tech treeHidden civsTurbo modeCheats
Victory
Defeat
🇨🇳 Poles · China
1119
+17
🇨🇳 Vietnamese · China
1113
+18
🇨🇳 Koreans · China
1093
+19
🇳🇱 Koreans · Netherlands
1295
-24
🇪🇸 Poles · Spain
1259
-23
🇨🇦 Spanish · Canada
894
-7
Runxi24
10:27 Feudal Age
15:22 Castle Age
13:48 Horse Collar
14:30 Stone Mining
14:36 Loom
17:45 Double-Bit Axe
22:39 Fletching
25:53 Redemption
28:19 Bodkin Arrow
29:20 Bow Saw
30:05 Crossbowman
31:26 Scale Mail Armor
32:04 Heavy Plow
33:17 Wheelbarrow
36:58 Imperial Age
36:44 Chain Mail Armor
36:40 Forging
36:39 Thumb Ring
36:34 Gold Mining
38:01 Bracer
39:10 Chemistry
38:40 Ballistics
40:49 Arbalester
45:25 Padded Archer Armor
45:54 Conscription
Medina90
10:40 Feudal Age
15:24 Castle Age
14:45 Double-Bit Axe
16:30 Fletching
21:21 Bodkin Arrow
23:52 Loom
26:10 Scale Barding Armor
26:08 Horse Collar
28:57 Wheelbarrow
28:24 Heavy Plow
31:10 Bow Saw
32:03 Gold Mining
33:13 Ballistics
33:37 Hand Cart
38:02 Imperial Age
36:47 Fortified Wall
37:54 Scale Mail Armor
38:04 Forging
37:47 Pikeman
38:27 Squires
38:13 Arson
42:32 Imperial Age
40:58 Chain Mail Armor
41:19 Iron Casting
47:57 Heavy Rocket Cart
FIGMAN
7:51 Loom
10:25 Feudal Age
11:09 Double-Bit Axe
17:33 Castle Age
23:09 Bow Saw
25:29 Scale Barding Armor
25:18 Fletching
25:34 Scale Barding Armor
26:15 Bloodlines
27:40 Horse Collar
28:44 Husbandry
29:06 Chain Barding Armor
30:53 Bodkin Arrow
31:09 Forging
34:11 Wheelbarrow
33:22 Town Watch
36:23 Hand Cart
36:11 Heavy Plow
36:06 Gold Mining
35:47 Pikeman
36:34 Bodkin Arrow
37:19 Squires
37:27 Stone Mining
38:54 Iron Casting
39:35 Scale Mail Armor
40:33 Chain Mail Armor
41:17 Padded Archer Armor
44:42 Imperial Age
42:13 Town Patrol
42:35 Leather Archer Armor
44:46 Halberdier
46:30 Blast Furnace
46:01 Plate Mail Armor
46:04 Ring Archer Armor
45:57 Supremacy
仌
10:12 Feudal Age
11:52 Horse Collar
17:27 Castle Age
15:42 Double-Bit Axe
16:59 Scale Mail Armor
17:58 Forging
20:09 Pikeman
22:01 Squires
25:18 Bow Saw
28:34 Town Watch
29:25 Wheelbarrow
34:33 Gold Mining
34:34 Stone Mining
35:47 Heavy Plow
36:07 Fletching
36:17 Padded Archer Armor
36:32 Chain Mail Armor
36:52 Iron Casting
36:32 Chain Mail Armor
36:53 Iron Casting
38:24 Stone Shaft Mining
40:29 Imperial Age
38:15 Bodkin Arrow
38:35 Leather Archer Armor
38:15 Bodkin Arrow
38:36 Leather Archer Armor
38:16 Bodkin Arrow
42:00 Paper Money
46:07 Thumb Ring
48:55 Chatras
49:59 Crop Rotation
50:33 Two-Man Saw
51:08 Elite Battle Elephant
52:15 Hand Cart
52:20 Bracer
从良
9:17 Feudal Age
15:43 Castle Age
14:09 Horse Collar
14:32 Double-Bit Axe
18:01 Bow Saw
17:52 Heavy Plow
19:18 Stone Mining
20:43 Wheelbarrow
20:13 Loom
21:13 Stone Shaft Mining
20:33 Gold Mining
24:46 Hand Cart
25:58 Szlachta Privileges
26:33 Forging
26:28 Scale Barding Armor
27:57 Iron Casting
27:27 Scale Barding Armor
27:45 Bloodlines
27:36 Husbandry
31:23 Imperial Age
30:19 Chain Barding Armor
30:14 Town Watch
33:12 Blast Furnace
32:38 Conscription
31:40 Cavalier
39:03 Chemistry
40:55 Siege Engineers
40:30 Treadmill Crane
43:15 Scale Mail Armor
43:56 Crop Rotation
1802390869
10:02 Feudal Age
10:29 Double-Bit Axe
10:31 Horse Collar
17:14 Castle Age
15:29 Stone Mining
15:57 Loom
16:49 Gold Mining
18:28 Bow Saw
18:21 Heavy Plow
27:59 Fletching
27:38 Elite Skirmisher
37:08 Bodkin Arrow
37:52 Crossbowman
39:26 Wheelbarrow
43:26 Imperial Age
43:30 Arbalester
44:15 Thumb Ring
45:19 Conscription
47:43 Hand Cart
49:02 Bracer
51:44 Chemistry
51:05 Ballistics
50:56 Masonry
51:01 Elite War Wagon
Connection lost

Rejoining the realm…

Still unreachable

The connection could not be restored.

Session expired

The server has moved on; the page needs a fresh start.